 Dungeon Crawl Stone Soup version 0.23.2-30-g0e89c35649 (webtiles) character file.

Game seed: 15227555771290929825

14 Folque the Gusty (level 2, -1/15 HPs)
             Began as a Tengu Air Elementalist on June 20, 2019.
             Slain by a leopard gecko (3 damage)
             ... on level 1 of the Dungeon.
             The game lasted 00:00:47 (209 turns).

Folque the Gusty (Tengu Air Elementalist)            Turns: 209, Time: 00:00:47

Health: -1/15      AC:  2    Str:  8    XL:     2   Next: 41%
Magic:  2/6        EV: 12    Int: 15    God:
Gold:   36         SH:  0    Dex: 14    Spells: 4/5 levels left

rFire    . . .     SeeInvis .   b - +0 hand axe
rCold    . . .     Gourm    .   (no shield)
rNeg     . . .     Faith    .   a - +0 robe
rPois    .         Spirit   .   (helmet restricted)
rElec    .         Reflect  .   (no cloak)
rCorr    .         Harm     .   (no gloves)
MR       .....                  (boots unavailable)
Stlth    ++........             (no amulet)
HPRegen  0.05/turn              (no ring)
MPRegen  0.10/turn              (no ring)

@: no status effects
A: beak, talons 3
a: no special abilities


You were on level 1 of the Dungeon.
You were not hungry.

You visited 1 branch of the dungeon, and saw 1 of its levels.

You collected 36 gold pieces.

Inventory:

Hand Weapons
 b - a +0 hand axe (weapon)
Missiles
 g - 15 poisoned needles
Armour
 a - a +0 robe (worn)
Scrolls
 d - a scroll of remove curse {unknown}
Potions
 e - 2 potions of curing {unknown}
 h - a potion of brilliance {unknown}
Comestibles
 c - 3 rations
 f - 3 chunks of flesh


   Skills:
 - Level 2.1 Dodging
 - Level 2.0 Stealth
 * Level 2.4 Spellcasting
 + Level 2.0 Conjurations
 + Level 4.2 Air Magic


You had 4 spell levels left.
You knew the following spells:

 Your Spells              Type           Power        Failure   Level  Hunger
a - Shock                 Conj/Air       ##..         6%          1    #......

Your spell library contained the following spells:

 Spells                   Type           Power        Failure   Level  Hunger
 Swiftness                Chrm/Air       #.......     14%         2    ###....
 Static Discharge         Conj/Air       ##......     17%         3    ###....
 Airstrike                Air            ##........   36%         4    #####..
 Lightning Bolt           Conj/Air       ##........   85%         5    ######.


Dungeon Overview and Level Annotations

Branches:
Dungeon (1/15)

Altars:


Innate Abilities, Weirdness & Mutations

You have a beak for a mouth.
You have claws for feet.


Message History

The jackal closely misses you.
Casting: Shock (safe; 6% risk of failure)
Confirm with . or Enter, or press ? or * to list all spells.
Aiming: Shock (safe; 6% risk of failure)
Press: ? - help, Shift-Dir - straight line, f/p - hobgoblin
Aim: a hobgoblin (moderately wounded)
The zap hits the jackal.
You kill the jackal!
Your Conjurations skill increases to level 2!
The zap misses the leopard gecko.
The zap hits the hobgoblin.
You kill the hobgoblin!
Casting: Shock (safe; 6% risk of failure)
Confirm with . or Enter, or press ? or * to list all spells.
Aiming: Shock (safe; 6% risk of failure)
Press: ? - help, Shift-Dir - straight line, f - leopard gecko
Aim: a leopard gecko (clinging)
The zap hits the leopard gecko.
The leopard gecko is moderately wounded.
The leopard gecko bites you.
You die...

######...### ##.#.###### ###
#...# ####.## #......
..####[..# ###..#####.......
#....÷...###...## #........
#.###..###...### #........
#.# ##.# #.### #........
#.####.# #.# #).......
#...#..###.#########........
.^...(..........@l.....)....
####.....#.#########.......$
####...†....................
.............###............
.....#####..... ..##........
####.#..........#.##........
.......########....##.......
####.### #.... #...... ..#
#....


You could see a leopard gecko.

Vanquished Creatures
  2 dart slugs (D:1)
  A giant cockroach (D:1)
  A goblin (D:1)
  2 hobgoblins (D:1)
  A jackal (D:1)
  A kobold (D:1)
  A rat (D:1)
9 creatures vanquished.

Notes
Turn   | Place    | Note
-------+----------+-------------------------------------------
     0 | D:1      | Folque the Tengu Air Elementalist began the quest for the
                  | Orb.
     0 | D:1      | Reached XP level 1. HP: 10/10 MP: 4/4
   167 | D:1      | Reached XP level 2. HP: 13/15 MP: 6/6
   209 | D:1      | Slain by a leopard gecko

Skill      XL: |  1  2 |
---------------+-------+-----
Conjurations   | 2 |  2.0
Dodging        | |  2.1
Stealth        | |  2.0
Spellcasting   | |  2.4
Air Magic      | |  4.2

Action                   || total
-------------------------++-------
Melee: Hand axe          ||    10
       Peck              ||     5
       Kick              ||     3
 Cast: Shock             ||     5
 Stab: Sleeping          ||     1
Armor: Robe              ||     2
Dodge: Dodged            ||     7
